AoeStats
← kuroba

Golden Pit

508977221Analyzed
1v1 RM · 8d ago on Sep 24, 2026· 49m 26s· 2 players
Game mode
Random Map
Map size
Tiny (2 player)
Population
200
Speed
Normal
Resources
Standard
Victory
Conquest
Starting age
Dark Age
Ending age
Imperial Age
RankedLock teamsTeams togetherTeam positionsShared explorationLock speedFull tech treeHidden civsTurbo modeCheats
Victory
Defeat
🇹🇼 Mongols · Taiwan
1040
+17
🇵🇹 Celts · Portugal
1053
-17
玄之樂樂號
6:21 Loom
8:58 Feudal Age
16:13 Fletching
20:20 Double-Bit Axe
20:45 Horse Collar
21:43 Padded Archer Armor
29:44 Castle Age
29:50 Crossbowman
30:28 Bodkin Arrow
30:58 Bow Saw
36:05 Wheelbarrow
35:50 Gold Mining
50:59 Imperial Age
49:22 Scale Barding Armor
49:28 Forging
kuroba
11:01 Feudal Age
12:26 Wheelbarrow
11:43 Loom
13:25 Man-at-Arms
14:35 Town Watch
16:54 Horse Collar
19:10 Double-Bit Axe
19:37 Scale Mail Armor
21:15 Forging
26:09 Castle Age
26:40 Gambesons
26:33 Long Swordsman
28:10 Chain Mail Armor
29:43 Iron Casting
29:32 Bow Saw
32:49 Hand Cart
32:58 Herbal Medicine
33:27 Hand Cart
33:29 Town Patrol
33:34 Fletching
34:29 Arson
Connection lost

Rejoining the realm…

Still unreachable

The connection could not be restored.

Session expired

The server has moved on; the page needs a fresh start.